 Dungeon Sprint DCSS version 0.17.0-26-gececa24 (webtiles) character file.

53 Kidiri the Sneak (level 3, 0/18 HPs)
             Began as a Spriggan Enchanter on Nov 19, 2015.
             Slain by a human (1 damage)
             ... in the Dungeon (Sprint III: "The Ten Rune Challenge").
             The game lasted 00:02:22 (149 turns).

Kidiri the Sneak (Spriggan Enchanter)                Turns: 149, Time: 00:02:22

Health: 0/18       AC:  3    Str:  4    XL:     3   Next: 64%
Magic:  2/9        EV: 20    Int: 16    God:
Gold:   0          SH:  6    Dex: 17    Spells: 4 memorised, 1 level left

rFire  . . .     SeeInvis +     a - +1 dagger
rCold  . . .     Clarity  .     b - +1 robe
rNeg   . . .     SustAt   .     k - +0 buckler
rPois  .         Gourm    .     (helmet restricted)
rElec  .         Spirit   .     (no cloak)
rCorr  .         Warding  .     (gloves unavailable)
rMut   .         NoTele   +     (boots unavailable)
MR     .....                    (no amulet)
Stlth  ++++......               (no ring)
                                (no ring)

@: very slightly contaminated, very quick, not resistant to hostile
enchantments, stealthy
A: unfitting armour, see invisible, herbivore 3, speed 3, slow metabolism 2
a: no special abilities


You were in the Dungeon.
You were not hungry.

You visited 1 branch

Inventory:

Hand Weapons
 a - a +1 dagger (weapon)
Armour
 b - a +1 robe (worn)
 k - a +0 buckler (worn)
Scrolls
 j - a scroll of blinking
 l - a scroll of identify {unknown}
Potions
 e - a potion of curing
 f - a potion of heal wounds
 g - a potion of haste
 h - a potion of magic
 i - a potion of berserk rage
Books
 c - a book of Maledictions

   Spells                             Type                      Level
   a - Corona                         Hexes                        1
   b - Ensorcelled Hibernation        Hexes/Ice                    2
   c - Confuse                        Hexes                        3
   d - Tukima's Dance                 Hexes                        3
   e - Dazzling Spray                 Conjuration/Hexes            3
Comestibles
 d - a bread ration


   Skills:
 + Level 1.2 Fighting
 * Level 3.2 Short Blades
 + Level 1.2 Armour
 * Level 5.3 Dodging
 * Level 6.4 Stealth
 + Level 1.0 Shields
 * Level 4.4 Spellcasting
 + Level 0.0 Conjurations
 + Level 4.4 Hexes
 + Level 0.0 Ice Magic


You had one spell level left.
You knew the following spells:

 Your Spells              Type           Power        Failure   Level  Hunger
a - Corona                Hex            ###....      4%          1    None
b - Ensorcelled Hibernat  Hex/Ice        ##....       17%         2    ##.....
c - Confuse               Hex            ###.....     14%         3    ###....
e - Dazzling Spray        Conj/Hex       ##......     34%         3    ###....


Dungeon Overview and Level Annotations

Branches:
Dungeon (1/1)

Altars:


Innate Abilities, Weirdness & Mutations

You are tiny and cannot use many weapons and most armour.
You have supernaturally acute eyesight.
You are a herbivore.
You cover ground extremely quickly.
You need consume almost no food.


Message History

Confirm with . or Enter, or press ? or * to list all spells.
Aiming: Dazzling Spray
Press: ? - help, Shift-Dir - straight line, f/p - human
Aim: a human (almost dead)
The spray of energy hits the human.
The human is almost dead.
The human is dazzled.
The human misses you.
Unknown command.
You closely miss the human.
The human is almost dead.
The human completely misses you.
You hit the human but do no damage.
The human is almost dead.
Unknown command.
You are too injured to fight recklessly!
You are too injured to fight recklessly!
You hit the human.
The human is almost dead.
The human is no longer blind.
The human hits you.
You die...

▓▓▓▓▓▓▓▓▓ ▓▓
▓<..#...#### #.#
▓...#......## ..#
▓..##.....%.# ..#
▓##.##.##...# ..#
##.##.###..# +#..#
▓#.####.##..# #...+
▓.###..##..####...#
▓#..%..##.@###....#
###..##.p.##p....#
##..##....#......#
#..###..##.#.....#
#..# #..#####....#
▓▓▓▓ ▓▓▓▓ ▓▓▓▓▓▓


You could see a human.

Vanquished Creatures
  A scorpion (D)
  An ooze (D)
  3 rats (D)
5 creatures vanquished.

Vanquished Creatures (others)
  A yaktaur (D)
1 creature vanquished.

Grand Total: 6 creatures vanquished

Notes
Turn   | Place    | Note
--------------------------------------------------------------
     0 | D        | Kidiri the Spriggan Enchanter began the quest for the Orb.
     0 | D        | Reached XP level 1. HP: 9/9 MP: 5/5
    71 | D        | Noticed a scorpion
    74 | D        | Killed a scorpion
    74 | D        | Reached skill level 1 in Fighting
    74 | D        | Reached skill level 1 in Armour
    74 | D        | Reached skill level 5 in Dodging
    74 | D        | Reached skill level 6 in Stealth
    74 | D        | Reached skill level 1 in Shields
    74 | D        | Reached XP level 2. HP: 12/14 MP: 6/8
    74 | D        | Reached XP level 3. HP: 15/18 MP: 6/9
    82 | D        | Learned a level 2 spell: Ensorcelled Hibernation
    86 | D        | Learned a level 3 spell: Confuse
    87 | D        | Killed a yaktaur
    90 | D        | Learned a level 3 spell: Dazzling Spray
   149 | D        | Slain by a human

Action                   || total
-------------------------++-------
Melee: Dagger            ||    16
 Cast: Ensorcelled Hiber ||     3
       Dazzling Spray    ||     3
  Use: Potion            ||     1
 Stab: Sleeping          ||     3
       Invisible         ||     1
